 Dungeon Crawl Stone Soup version 0.30-a0-862-g1aabd4f9c5 (webtiles) character file.

Game seed: 1688672072732850533

117 Newt the Shooter (level 5, -1/35 HPs)
             Began as a Kobold Hunter on Mar 9, 2023.
             Slain by an orc
             ... wielding a +0 club
              (4 damage)
             ... on level 3 of the Dungeon.
             The game lasted 00:01:41 (2711 turns).

Newt the Shooter (Kobold Hunter)                    Turns: 2711, Time: 00:01:41

Health: -1/35      AC:  3    Str:  9    XL:     5   Next: 22%
Magic:  5/5        EV: 14    Int: 10    God:
Gold:   62         SH:  0    Dex: 20    Spells: 4/4 levels left

rFire   . . .      SeeInvis .    a - +0 shortbow
rCold   . . .      Faith    .    (shield currently unavailable)
rNeg    . . .      Spirit   .    c - +0 leather armour
rPois   .          Reflect  .    (no helmet)
rElec   .          Rampage  .    (no cloak)
rCorr   .                        (no gloves)
Will    .....                    (no boots)
Stlth   +++                      (no amulet)
HPRegen 0.25/turn                (no ring)
MPRegen 0.09/turn                (no ring)

@: no status effects
A: small, no large weapons, nightstalker 3
a: no special abilities


You were on level 3 of the Dungeon.
You visited 1 branch of the dungeon, and saw 3 of its levels.

You collected 62 gold pieces.

Inventory:

Hand Weapons
 a - a +0 shortbow (weapon)
Armour
 c - a +0 leather armour (worn)
Wands
 g - a wand of charming (8)
Scrolls
 b - 7 scrolls of immolation
Potions
 d - a potion of mutation
 e - 2 potions of lignification
 f - a potion of curing
 h - a potion of resistance {unknown}
 i - a potion of invisibility
 j - 2 potions of might {unknown}


   Skills:
 - Level 5.0 Fighting
 + Level 6.0 Ranged Weapons
 - Level 2.4 Dodging
 - Level 1.3 Stealth


You had 4 spell levels left.
You didn't know any spells.
Your spell library was empty.

Dungeon Overview and Level Annotations

Branches:
Dungeon (3/15)

Altars:
Zin


Innate Abilities, Weirdness & Mutations

You are small and have problems with some larger weapons.
You are completely attuned to the shadows.


Message History

The frilled lizard unfolds its giant frill.
The frilled lizard bites you but does no damage.
Fire: a) +0 shortbow
Press: ? - help, Shift-Dir - straight line, f/p - orc priest
Aim: an orc priest, wielding a +0 short sword (moderately wounded, 67% to hit)
You shoot an arrow. The arrow hits the frilled lizard.
You kill the frilled lizard!
The bat hits you. The orc hits you with a +0 hand axe.
The bat hits you but does no damage. The orc hits you with a +0 club.
The orc barely misses you.
The orc priest miscasts a cantrip.
Fire: a) +0 shortbow
Press: ? - help, Shift-Dir - straight line, f/p - orc priest
Aim: an orc priest, wielding a +0 short sword (moderately wounded, 67% to hit)
You shoot an arrow. The arrow hits the orc.
The orc is severely wounded.
The bat misses you. The orc hits you with a +0 hand axe.
The bat closely misses you.
Fire: a) +0 shortbow
Press: ? - help, Shift-Dir - straight line, f/p - orc priest
Aim: an orc priest, wielding a +0 short sword (moderately wounded, 67% to hit)
You shoot an arrow. The arrow hits the orc!
You kill the orc!
The bat barely misses you. The bat hits you. The bat closely misses you.
The orc misses you. The orc closely misses you.
The orc priest calls upon Beogh to heal the orc.
The orc's wounds heal themselves!
Fire: a) +0 shortbow
Press: ? - help, Shift-Dir - straight line, f/p - orc priest
Aim: an orc priest, wielding a +0 short sword (moderately wounded, 67% to hit)
You shoot an arrow.
The arrow hits the orc priest but does no damage.
The orc priest is moderately wounded.
The bat barely misses you. The orc hits you with a +0 club.
The orc hits you with a +0 hand axe.
* * * LOW HITPOINT WARNING * * *
The orc priest hits you with a +0 short sword.
* * * LOW HITPOINT WARNING * * *
The orc completely misses you. The orc hits you with a +0 club.
You die...

#. #.##.# ##.##.#
#######...#.######.
#.................
#.###.####....#.#...##
.....o@o............†#
.#####o#######)####..#
... ##.....###.##
....###.....####...
....###.....###.#.#.
##.....###..#.#.
#.....###...'.#.
#####+####....#...
##.#.....#.....#.#.


You could see an orc priest and 2 orcs.

Vanquished Creatures
  A hound (D:3)
  An adder (D:3)
  A worm (D:2)
  2 dart slugs
  2 orcs (D:3)
  4 ball pythons
  5 endoplasms
  3 giant cockroaches
  3 goblins
  5 hobgoblins
  7 jackals
  5 quokkas
  7 bats
  2 frilled lizards (D:3)
  7 kobolds
  9 rats
64 creatures vanquished.

Notes
Turn   | Place    | Note
-------+----------+-------------------------------------------
     0 | D:1      | Newt the Kobold Hunter began the quest for the Orb.
     0 | D:1      | Reached XP level 1. HP: 12/12 MP: 1/1
   147 | D:1      | Reached XP level 2. HP: 18/18 MP: 2/2
   258 | D:1      | Found a faded altar of an unknown god.
   472 | D:1      | Reached XP level 3. HP: 23/23 MP: 3/3
  1363 | D:2      | Found a glowing silver altar of Zin.
  1904 | D:3      | Reached XP level 4. HP: 27/30 MP: 4/4
  2073 | D:3      | Reached skill level 5 in Fighting
  2558 | D:3      | Reached XP level 5. HP: 31/35 MP: 5/5
  2703 | D:3      | Reached skill level 6 in Ranged Weapons
  2711 | D:3      | Slain by an orc

Illustrated notes

Levels and vault maps discovered:
D:1:      minmay_arrival_split_and_join, layout_loops_cross,
          shapermc_ecumenical_altar_mp_highgroup, feat_on_display
D:2:      layout_basic, basic_altar
D:3:      layout_loops_ring, lemuel_round_altar, minmay_quadrilaterals

Skill      XL: |  1  2  3  4  5 |
---------------+----------------+-----
Fighting       | 3 4 5 |  5.0
Ranged Weapons | 6 |  6.0
Dodging        | |  2.4
Stealth        | |  1.3

Action                     |  1- 3 |  4- 6 || total
---------------------------+-------+-------++-------
   Fire: Shortbow          |    91 |    73 ||   164
    Use: Scroll            |     2 |     5 ||     7
 Armour: Leather armour    |     7 |    14 ||    21
  Dodge: Dodged            |    34 |    40 ||    74

Table legend: (Time is in decaauts)
 A = Elapsed time spent in this place.
 B = Non-inter-level travel time spent in this place.
 C = Inter-level travel time spent in this place.
 D = Time resting spent in this place.
 E = Time spent auto-exploring this place.
 F = Levels seen in this place.
 G = Mean time per level.
                   A        B        C        D        E       F      G
               +--------+--------+--------+--------+--------+-----+--------+
         Total |   2755 |   2712 |     43 |    632 |   1784 |   3 |  918.3 |
       Dungeon |   2755 |   2712 |     43 |    632 |   1784 |   3 |  918.3 |
               +--------+--------+--------+--------+--------+-----+--------+

Top non-repeatable levels by time:
     D:2: 1059 daAuts
     D:1: 864 daAuts
     D:3: 831 daAuts
